 Dungeon Crawl Stone Soup version 0.28-a0-895-g6e5f11bd55 (webtiles) character file.

Game seed: 5709538439729824300

2361 orbtoucher the Grave Robber (level 9, -4/89 HPs)
             Began as an Ogre Necromancer on Nov 22, 2021.
             Was a Follower of Makhleb.
             Slain by a sky beast (5 damage)
             ... on level 7 of the Dungeon.
             The game lasted 00:28:31 (11164 turns).

orbtoucher the Grave Robber (Ogre Necromancer)     Turns: 11164, Time: 00:28:32

Health: -4/89      AC:  4    Str: 14    XL:     9   Next: 44%
Magic:  0/17       EV: 10    Int: 19    God:    Makhleb [*.....]
Gold:   391        SH:  0    Dex:  9    Spells: 5/19 levels left

rFire   . . .      SeeInvis .   a - +4 spear (vamp)
rCold   + . .      Faith    .   (no shield)
rNeg    . . .      Spirit   .   f - +0 robe
rPois   .          Reflect  .   (helmet restricted)
rElec   .          Harm     .   p - +0 cloak
rCorr   .          Rampage  .   (gloves unavailable)
Will    .....                   (boots unavailable)
Stlth   ++........              (no amulet)
HPRegen 0.24/turn               g - ring of protection from cold
MPRegen 0.15/turn               (no ring)

@: no status effects
A: large, unfitting armour, tough skin 1
a: Renounce Religion


You were on level 7 of the Dungeon.
You worshipped Makhleb.
Makhleb was aware of your devotion.
You visited 1 branch of the dungeon, and saw 7 of its levels.

You collected 391 gold pieces.

Inventory:

Hand Weapons
 a - a +4 vampiric spear (weapon)
 b - a +3 hunting sling of freezing
 w - a +0 dagger of venom
Missiles
 r - 117 stones
 x - 2 boomerangs of dispersal
 y - 36 sling bullets
 B - 47 poisoned darts (quivered)
Armour
 f - a +0 robe (worn)
 p - a +0 cloak (worn)
Jewellery
 g - a ring of protection from cold (left hand)
 o - an amulet of magic regeneration
 s - a +6 ring of strength
Wands
 c - a wand of polymorph (10)
 u - a wand of flame (12)
 A - a wand of digging (5)
 C - a wand of paralysis (9)
 D - a wand of iceblast (5)
Scrolls
 j - 5 scrolls of identify
 k - 3 scrolls of teleportation
 l - a scroll of immolation
 m - a scroll of acquirement {unknown}
 t - a scroll of enchant weapon
 v - a scroll of enchant armour {unknown}
Potions
 d - 3 potions of flight
 e - 5 potions of curing
 h - 2 potions of might {unknown}
 i - a potion of magic {unknown}
 n - a potion of brilliance {unknown}
 q - 2 potions of heal wounds
 z - a potion of degeneration {unknown}


   Skills:
 + Level 6.0 Fighting
 * Level 6.5 Polearms
 - Level 2.0 Dodging
 - Level 2.0 Stealth
 + Level 5.7 Spellcasting
 * Level 7.2 Necromancy
 + Level 3.8 Invocations


You had 5 spell levels left.
You knew the following spells:

 Your Spells              Type           Power      Damage    Failure   Level
a - Pain                  Necr           100%       1d9       1%          1
d - Vampiric Draining     Necr           32%        2d8       1%          3
g - Agony                 Necr           32%        N/A       17%         5
k - Animate Skeleton      Necr           64%        N/A       1%          1
p - Animate Dead          Necr           16%        N/A       6%          4

Your spell library contained the following spells:

 Spells                   Type           Power      Damage    Failure   Level
 Freeze                   Ice            20%        1d4       12%         1
 Sting                    Tmut/Pois      20%        1d4       12%         1
 Poisonous Vapours        Pois/Air       10%        N/A       17%         2
 Call Canine Familiar     Summ           5%         N/A       34%         3
 Frozen Ramparts          Ice            10%        1d3       34%         3
 Portal Projectile        Hex/Tloc       10%        N/A       34%         3
 Hailstorm                Conj/Ice       5%         3d4       75%         4
 Leda's Liquefaction      Hex/Erth       2%         N/A       75%         4
 Olgreb's Toxic Radiance  Pois           5%         N/A       75%         4
 Petrify                  Tmut/Erth      5%         N/A       75%         4
 Metabolic Englaciation   Hex/Ice        2%         N/A       97%         5
 Summon Forest            Summ/Tloc      2%         N/A       97%         5
 Summon Mana Viper        Hex/Summ       5%         N/A       97%         5
 Statue Form              Tmut/Erth      3%         N/A       100%        6
 Summon Cactus Giant      Summ           2%         N/A       100%        6


Dungeon Overview and Level Annotations

Branches:
Dungeon (7/15)             Temple (0/1) D:6

Altars:
Dithmenos
Elyvilon
Kikubaaqudgha
Makhleb

Shops:
D:1 =   D:4 *

Annotations:
D:3 1 runed translucent door, Crazy Yiuf


Innate Abilities, Weirdness & Mutations

You are too large for most types of armour.
You have tough skin. (AC +1)


Message History

Casting: Vampiric Draining (safe; 1% risk of failure)
Confirm with . or Enter, or press ? or * to list all spells.
You don't have enough magic to cast this spell.
Unknown command.
You feel much better. The yak closely misses you. Something hits you.
Something shocks you.
Casting: Vampiric Draining (safe; 1% risk of failure)
Confirm with . or Enter, or press ? or * to list all spells.
Aiming: Vampiric Draining (safe; 1% risk of failure)
Press: ? - help, Shift-Dir - straight line, f/p - yak
Aim: a yak (severely wounded)
You draw life force from the yak!
You kill the yak!
Makhleb accepts your kill.
You feel life coursing into your body! Something hits you.
Something shocks you.
Your Fighting skill increases to level 6!
Okay, then.
You hit something.
You feel better. The yak gores you. Something hits you. Something shocks you.
* * * LOW HITPOINT WARNING * * *
You hit the yak.
The yak is lightly wounded.
The yak gores you!
* * * LOW HITPOINT WARNING * * *
Something hits you.
* * * LOW HITPOINT WARNING * * *
Something shocks you.
* * * LOW HITPOINT WARNING * * *
Unknown command.
You hit the yak.
The yak is lightly wounded.
The yak barely misses you.
Unknown command.
You closely miss the yak.
The yak is lightly wounded.
Something hits you.
* * * LOW HITPOINT WARNING * * *
Something shocks you.
You die...

...... .... .......#.#
.........# #.......#
#.#.....# #.#.....# ####
#@#.....#
...#############Y#.#...#
.#.#.....##...##Y.[....#
.# #.....##...##.##Y..Y#
# ##
#.....##.........##.#.#
+...........#....Y.(..#
#.....###.#.######!.###
#.....# #.#.# #Y.#
#.....# ....#. ..Y#


You could see 2 yaks.

Vanquished Creatures
  2 yaks (D:7)
  A water moccasin (D:7)
  2 orc warriors
  A black bear (D:7)
  A sky beast (D:5)
  A centaur (D:7)
  2 bullfrogs (D:6)
  3 scorpions
  A water moccasin zombie (D:6)
  4 wights (D:7)
  A howler monkey (D:6)
  3 bullfrog zombies
  3 hounds (D:5)
  2 gnoll shamans
  2 centaur skeletons (D:7)
  4 jellies
  A bullfrog skeleton (D:6)
  Natasha (thrice) (D:3)
  2 orc wizards (D:5)
  A hound zombie (D:5)
  Robin (D:3)
  17 gnolls
  5 adders
  3 white imps
  An ufetubus (D:5)
  An adder skeleton (D:4)
  A worm (D:5)
  7 dart slugs
  12 orcs
  2 ball pythons
  3 bats
  3 endoplasms
  A giant cockroach (D:1)
  12 goblins
  12 hobgoblins
  4 jackals (D:4)
  5 kobolds
  5 quokkas
  3 frilled lizards
  7 rats
145 creatures vanquished.

Vanquished Creatures (collateral kills)
  A gnoll (D:2)
  An orc (D:4)
2 creatures vanquished.

Grand Total: 147 creatures vanquished

Notes
Turn   | Place    | Note
-------+----------+-------------------------------------------
     0 | D:1      | orbtoucher the Ogre Necromancer began the quest for the
                  | Orb.
     0 | D:1      | Reached XP level 1. HP: 16/16 MP: 3/3
   142 | D:1      | Learned a level 1 spell: Animate Skeleton
   349 | D:1      | Reached XP level 2. HP: 20/26 MP: 0/5
   566 | D:1      | Reached skill level 1 in Fighting
   652 | D:1      | Found a faded altar of an unknown god.
   818 | D:1      | Found Vazoxzil's Jewellery Emporium.
   911 | D:1      | Reached XP level 3. HP: 33/33 MP: 7/7
  1284 | D:1      | Reached skill level 4 in Necromancy
  1862 | D:2      | Reached skill level 1 in Polearms
  2151 | D:2      | Learned a level 3 spell: Vampiric Draining
  2503 | D:2      | Reached XP level 4. HP: 41/41 MP: 8/8
  3167 | D:3      | Reached XP level 5. HP: 39/49 MP: 4/9
  3616 | D:3      | Learned a level 4 spell: Animate Dead
  3940 | D:3      | Noticed Robin
  4066 | D:3      | Killed Robin
  4183 | D:3      | Found a runed translucent door.
  4184 | D:3      | Noticed Crazy Yiuf
  4212 | D:3      | Noticed Natasha
  4217 | D:3      | Killed Natasha
  4388 | D:3      | Noticed Natasha
  4392 | D:3      | Killed Natasha
  4393 | D:3      | Reached XP level 6. HP: 57/59 MP: 8/11
  4409 | D:3      | Noticed Natasha
  4415 | D:3      | Killed Natasha
  5184 | D:4      | Reached skill level 5 in Necromancy
  5446 | D:4      | Reached XP level 7. HP: 49/67 MP: 6/12
  5932 | D:4      | Found Fuavoc's General Store.
  5943 | D:4      | Found a burning altar of Makhleb.
  5945 | D:4      | Noticed a cacodemon
  6101 | D:5      | Entered Level 5 of the Dungeon
  6279 | D:4      | Noticed a neqoxec
  6279 | D:4      | Noticed a neqoxec
  6281 | D:4      | Became a worshipper of Makhleb the Destroyer
  6679 | D:5      | Reached skill level 1 in Invocations
  7295 | D:5      | Learned a level 5 spell: Agony
  7546 | D:5      | Reached XP level 8. HP: 36/78 MP: 4/14
  8084 | D:6      | Reached skill level 6 in Necromancy
  8791 | D:6      | Reached skill level 5 in Polearms
  9034 | D:6      | Found a shadowy altar of Dithmenos.
  9380 | D:6      | Reached skill level 5 in Fighting
  9380 | D:6      | Reached skill level 5 in Spellcasting
  9893 | D:6      | Found a staircase to the Ecumenical Temple.
 10020 | D:7      | Reached * piety under Makhleb
 10127 | D:7      | Found a white marble altar of Elyvilon.
 10127 | D:7      | Found an ancient bone altar of Kikubaaqudgha.
 10179 | D:7      | Reached XP level 9. HP: 83/88 MP: 12/16
 10842 | D:7      | Reached skill level 7 in Necromancy
 11162 | D:7      | HP: 2/89 [something (6)]
 11164 | D:7      | Slain by a sky beast

Illustrated notes

Levels and vault maps discovered:
D:1:      dpeg_arrival_circle_labyrinth_c, layout_basic, serial_shops,
          nicolae_shop_crystal, shapermc_ecumenical_altar_ellora,
          minmay_misc_feat_doors, minmay_misc_feat_plants, minmay_statues_item
D:2:      layout_basic, minmay_heptomino_l4
D:3:      layout_rooms, uniq_natasha, uniq_robin, uniq_crazy_yiuf_cottage
D:4:      layout_basic, makhleb_altar_promises_db, serial_shops, shop_fountains,
          hangedman_decor_push, minivault_14
D:5:      layout_basic, minmay_fractal_squares_gapless_5
D:6:      layout_gridville, nicolae_dithmenos_shadow_blocks,
          minmay_temple_entry_nine_rooms
D:7:      layout_basic, mainiacjoe_overflow_divided_tiny,
          gammafunk_temple_overflow_pools

Skill      XL: |  1  2  3  4  5  6  7  8  9 |
---------------+----------------------------+-----
Dodging        | 2 |  2.0
Fighting       | 1 2 3 4 5 6 |  6.0
Necromancy     | 4 5 6 7 |  7.2
Polearms       | 1 2 3 4 5 6 |  6.5
Spellcasting   | 3 4 5 |  5.7
Stealth        | 2 |  2.0
Invocations    | 1 3 |  3.8

Action                   |  1- 3 |  4- 6 |  7- 9 || total
-------------------------+-------+-------+-------++-------
Melee: Unarmed           |     5 |       |       ||     5
       Spear             |     5 |    34 |   199 ||   238
 Fire: Hunting sling     |    31 |    77 |    41 ||   149
 Cast: Pain              |    41 |    86 |   123 ||   250
       Animate Skeleton  |       |     2 |     3 ||     5
       Vampiric Draining |       |       |    22 ||    22
  Use: Scroll            |       |       |     9 ||     9
       Potion            |       |       |     1 ||     1
 Stab: Sleeping          |     1 |       |       ||     1
Armor: Robe              |     4 |     8 |    49 ||    61
Dodge: Dodged            |     9 |    39 |   118 ||   166

Table legend: (Time is in decaauts)
 A = Elapsed time spent in this place.
 B = Non-inter-level travel time spent in this place.
 C = Inter-level travel time spent in this place.
 D = Time resting spent in this place.
 E = Time spent auto-exploring this place.
 F = Levels seen in this place.
 G = Mean time per level.
                   A        B        C        D        E       F      G
               +--------+--------+--------+--------+--------+-----+--------+
         Total |  11156 |  10511 |    645 |   5131 |   3906 |   7 | 1593.7 |
       Dungeon |  11156 |  10511 |    645 |   5131 |   3906 |   7 | 1593.7 |
               +--------+--------+--------+--------+--------+-----+--------+

Top non-repeatable levels by time:
     D:5: 1887 daAuts
     D:1: 1839 daAuts
     D:6: 1788 daAuts
     D:4: 1779 daAuts
     D:2: 1525 daAuts
     D:7: 1168 daAuts
     D:3: 1166 daAuts
